Map: King's Cove LE

Players

MaNa

  • Race: Protoss Protoss
  • Spawn Location: 5:00

Clem - Winner!

  • Race: Terran Terran
  • Spawn Location: 11:00

Event: 2019 WCS Spring

VOD

Have the link to the VOD?

Description

Time

  • Played on: May 17, 2019, 11:07 a.m.
  • Length: 7:17

All games in this series

Show
View Real Time Build Order
Export as new Build Order

MaNa Protoss 

Build Orders: 1 Gate Expand, Blink Stalkers 

Get SALT Encoding   

  12  0:00  Probe  
  13  0:12  Probe  
  14  0:19  Pylon  
  14  0:24  Probe  
  15  0:33  Probe  
  15  0:37  Gateway  
  15  0:41  Probe  
  16  0:47  Assimilator  
  17  0:51  Probe  
  18  1:03  Probe  
  19  1:15  Probe  
  20  1:25  Cybernetics Core  
  20  1:34  Nexus  
  20  1:37  Probe  
  21  1:43  Pylon  
  21  1:49  Assimilator  
  21  1:52  Probe, Adept  
  22  2:04  Probe  
  25  2:12  Adept  
  24  2:16  Warp Gate, Probe  
  27  2:27  Twilight Council  
  27  2:30  Probe  
  28  2:42  Probe, Adept  
  31  2:46  Probe  
  32  2:52  Blink  
  32  2:54  Probe  
  32  2:58  Probe  
  33  3:06  Probe  
  33  3:10  Probe  
  35  3:18  Gateway  
  35  3:19  Probe  
  36  3:26  Gateway  
  34  3:28  Probe  
  34  3:31  Probe  
  36  3:40  Probe  
  37  3:43  Probe  
  37  3:46  Robotics Facility  
  38  3:52  Probe  
  38  3:55  Probe  
  40  4:01  Pylon  
  40  4:04  Stalker, Probe  
  40  4:05  Assimilator  
  40  4:07  Probe  
  44  4:12  Stalker  
  43  4:27  Stalker x2, Observer  
  47  4:33  Probe x2  
  47  4:37  Stalker  
  52  4:47  Probe  
  52  4:50  Stalker  
  52  4:51  Stalker  
  47  4:58  Probe  
  47  4:59  Probe  
  44  5:07  Stalker  
  44  5:11  Probe  
  47  5:18  Probe  
  44  5:23  Probe  
  45  5:30  Probe  
  45  5:32  Observer  
  45  5:34  Stalker  
  50  5:35  Probe  
  49  5:42  Probe  
  49  5:47  Probe  
  50  5:51  Probe  
  50  5:55  Probe  
  51  5:59  Probe  
  53  6:05  Observer  
  53  6:11  Pylon  
  54  6:16  Probe  
  54  6:17  Probe  
  53  6:29  Stalker x3  
  53  6:30  Probe  
  53  6:32  Probe  
  61  6:51  Pylon  
  59  7:03  Stalker  
  59  7:04  Probe x2  
Show
View Real Time Build Order
Export as new Build Order

Clem Terran - Winner!

Build Orders: Gas First Reaper Expand 

Get SALT Encoding   

  12  0:00  SCV  
  13  0:12  SCV  
  14  0:17  Supply Depot  
  14  0:24  SCV  
  15  0:30  Refinery  
  15  0:39  SCV  
  16  0:45  Barracks  
  16  0:51  SCV  
  17  1:03  SCV  
  18  1:15  SCV  
  19  1:32  Reaper, Orbital Command  
  20  1:51  Command Center  
  20  1:58  Factory  
  20  2:02  SCV  
  20  2:07  Barracks Reactor  
  21  2:14  Supply Depot  
  21  2:15  SCV  
  22  2:24  Refinery  
  22  2:28  SCV  
  23  2:42  SCV  
  24  2:45  Starport  
  24  2:50  Hellion  
  28  2:51  Hellion  
  28  2:56  SCV  
  28  2:59  Marine  
  29  3:11  Hellion  
  31  3:18  Hellion  
  31  3:19  Marine  
  33  3:25  Medivac  
  35  3:29  SCV  
  38  3:37  Orbital Command  
  36  3:44  SCV  
  36  3:46  Factory Tech Lab  
  36  3:48  Marine x2  
  39  3:51  Supply Depot  
  39  3:55  Starport Tech Lab  
  39  3:58  SCV  
  40  4:04  Siege Tank  
  40  4:06  Marine x2  
  45  4:13  Cloaking Field  
  45  4:16  Banshee  
  48  4:22  SCV  
  48  4:23  SCV  
  50  4:24  Marine  
  50  4:25  Marine  
  52  4:34  SCV  
  52  4:37  Supply Depot  
  53  4:42  Marine  
  54  4:53  SCV, Marine  
  54  4:55  SCV  
  54  4:58  Siege Tank  
  54  4:59  Banshee  
  57  5:00  Marine  
  57  5:05  Engineering Bay  
  57  5:06  SCV  
  57  5:11  SCV  
  58  5:15  Barracks  
  58  5:21  Barracks  
  56  5:24  SCV  
  56  5:28  SCV  
  55  5:31  Siege Tank  
  55  5:32  Marine  
  55  5:34  Marine  
  59  5:40  Supply Depot  
  59  5:44  Banshee  
  62  5:56  SCV x2, Supply Depot  
  64  6:03  Barracks Tech Lab  
  64  6:04  Marine x2  
  64  6:05  Siege Tank  
  64  6:08  SCV  
  70  6:13  Supply Depot, Marine  
  71  6:21  SCV x2  
  71  6:22  Marine  
  71  6:25  Refinery, Marine  
  75  6:31  Supply Depot  
  75  6:33  SCV x2  
  75  6:39  Bunker x2  
  77  6:46  Marine x2  
  78  6:47  Marauder  
  78  6:48  SCV  
  78  6:51  Factory Reactor  
  82  6:54  Supply Depot  
  82  7:00  SCV  
  83  7:02  SCV  
  77  7:11  Bunker  
Tags
 
Add a new tag
Caveats
  • Supply blocks, unpowered buildings, or Contaminate may cause inaccurate times.
  • Supply counts are checked every 10 seconds.